 Dungeon Crawl Stone Soup version 0.28.0 (webtiles) character file.

Game seed: 123360550357450850

119500 growler the Stormcaller (level 16, -2/108 HPs)
             Began as a Tengu Air Elementalist on Feb 8, 2022.
             Was a High Priest of Vehumet.
             Blown up by an orb spider (49 damage)
             ... with an orb of destruction
             ... on level 3 of the Spider Nest.
             The game lasted 01:34:03 (37353 turns).

growler the Stormcaller (Tengu Air Elementalist)   Turns: 37353, Time: 01:34:03

Health: -2/108     AC:  6    Str:  8    XL:     16   Next: 79%
Magic:  36/39      EV: 28    Int: 26    God:    Vehumet [*****.]
Gold:   1673       SH: 10    Dex: 17    Spells: 12/33 levels left

rFire   + + .      SeeInvis +   (no weapon)
rCold   . . .      Faith    .   P - +0 kite shield
rNeg    . . .      Spirit   .   R - +2 robe of Hopscotch {Fly rF++ Regen+ SInv}
rPois   .          Reflect  .   (helmet restricted)
rElec   .          Harm     .   E - +0 cloak
rCorr   .          Rampage  .   y - +0 pair of gloves
Will    +....                   (boots unavailable)
Stlth   ++........              e - amulet of magic regeneration
HPRegen 1.08/turn               l - ring of Divine Compulsion {EV+4 Int+4}
MPRegen 0.66/turn               O - ring of magical power

@: lethally poisoned (-2 -> -9), flying quickly and evasively, quick
A: beak, talons 3, nimble flight
a: Renounce Religion


You were on level 3 of the Spider Nest.
You worshipped Vehumet.
Vehumet was extremely pleased with you.
You visited 5 branches of the dungeon, and saw 27 of its levels.

You collected 2549 gold pieces.
You spent 876 gold pieces at shops.

Inventory:

Missiles
 B - 4 throwing nets {!f}
Armour
 y - a +0 pair of gloves (worn)
   (You found it on level 6 of the Dungeon)
 E - a +0 cloak (worn)
   (You found it on level 10 of the Dungeon)
 P - a +0 kite shield (worn)
   (You took it off a vault guard on level 14 of the Dungeon)
 R - the +2 robe of Hopscotch (worn) {Fly rF++ Regen+ SInv}
   (You found it on level 5 of the Dungeon)

   rF:        It greatly protects you from fire.
   SInv:      It lets you see invisible.
   Fly:       It grants you flight.
   Regen:     It increases your rate of health regeneration.
Magical Staves
 H - a staff of air
   (You found it on level 2 of the Lair of Beasts)
Jewellery
 b - a ring of willpower
   (You took it off an orc on level 7 of the Dungeon)
 e - an amulet of magic regeneration (around neck)
   (You bought it in a shop on level 5 of the Dungeon)
 l - the ring of Divine Compulsion (left hand) {EV+4 Int+4}
   (You acquired it on level 12 of the Dungeon)

   [ring of evasion]

   EV:        It affects your evasion (+4).
   Int:       It affects your intelligence (+4).
 o - a ring of protection from cold
   (You found it on level 15 of the Dungeon)
 z - a ring of see invisible
   (You found it on level 6 of the Dungeon)
 D - a +6 ring of intelligence
   (You found it on level 9 of the Dungeon)
 F - a +4 ring of protection
   (You found it on level 10 of the Dungeon)
 K - a ring of wizardry
   (You found it on level 3 of the Lair of Beasts)
 M - a +4 ring of protection
   (You found it on level 6 of the Lair of Beasts)
 O - a ring of magical power (right hand)
   (You bought it in a shop on level 5 of the Dungeon)
 Q - a ring of resist corrosion
   (You found it on level 14 of the Dungeon)
 W - an amulet of the acrobat
   (You found it on level 1 of the Spider Nest)
Wands
 d - a wand of iceblast (7)
   (You found it on level 10 of the Dungeon)
 t - a wand of flame (10)
   (You found it on level 1 of the Spider Nest)
 u - a wand of paralysis (7)
   (You found it on level 8 of the Dungeon)
 x - a wand of acid (8)
   (You found it on level 2 of the Lair of Beasts)
 C - a wand of charming (5)
   (You took it off Psyche on level 9 of the Dungeon)
 I - a wand of polymorph (8)
   (You found it on level 10 of the Dungeon)
 L - a wand of mindburst (3)
   (You found it on level 6 of the Lair of Beasts)
Scrolls
 a - 2 scrolls of magic mapping
 f - a scroll of blinking
 g - 4 scrolls of vulnerability {!r}
 i - 5 scrolls of enchant weapon
 j - 6 scrolls of teleportation {@r4}
 n - 2 scrolls of silence
 q - 2 scrolls of torment {!r}
 r - 4 scrolls of immolation {!r}
 v - 7 scrolls of amnesia
 w - 3 scrolls of fog
 J - 7 scrolls of identify {@r1}
 T - a scroll of summoning
 X - a scroll of holy word
Potions
 c - 2 potions of invisibility
 h - 9 potions of haste {@q3}
 k - 12 potions of curing {@q1}
 m - 8 potions of attraction {!q}
 p - a potion of lignification {!q}
 s - 4 potions of might
 A - 5 potions of heal wounds {@q2}
 G - 5 potions of mutation {!q}
 N - 5 potions of brilliance
 S - 3 potions of magic
 U - 2 potions of berserk rage
 V - a potion of ambrosia


   Skills:
 + Level 15.0 Fighting
 + Level 16.4 Dodging
 - Level 2.0 Stealth
 + Level 6.0 Shields
 - Level 9.0 Spellcasting
 - Level 15.0 Conjurations
 - Level 18.0 Air Magic
 + Level 3.5 Evocations


You had 12 spell levels left.
You knew the following spells:

 Your Spells              Type           Power      Damage    Failure   Level
a - Shock                 Conj/Air       100%       1d9       0%          1
b - Airstrike             Air            40%        N/A       1%          4
c - Freezing Cloud        Conj/Ice/Air   31%        6-21      1%          5
d - Static Discharge      Conj/Air       78%        N/A       0%          2
e - Conjure Ball Lightni  Conj/Air       39%        3x3d13    1%          6
s - Swiftness             Air            81%        N/A       1%          3

Your spell library contained the following spells:

 Spells                   Type           Power      Damage    Failure   Level
 Eringya's Noxious Bog    Tmut/Pois      5%         N/A       99%         6
 Corpse Rot               Necr/Air       100%       N/A       1%          2
 Poisonous Vapours        Pois/Air       100%       N/A       1%          2
 Mephitic Cloud           Conj/Pois/Air  62%        N/A       1%          3
 Flame Wave               Conj/Fire      50%        2d10      1%          4
 Hailstorm                Conj/Ice       50%        3d11      1%          4
 Iskenderun's Battlesphe  Conj           74%        2d12      1%          5
 Lightning Bolt           Conj/Air       39%        1d57      1%          5
 Summon Lightning Spire   Summ/Air       55%        N/A       3%          4
 Fireball                 Conj/Fire      25%        3d11      4%          5
 Irradiate                Conj/Tmut      25%        3d22      4%          5
 Scorch                   Fire           22%        2d6       5%          2
 Orb of Destruction       Conj           37%        9d11      7%          7
 Ignite Poison            Fire/Tmut/Pois 11%        N/A       11%         3
 Pain                     Necr           44%        1d6       14%         1
 Sting                    Tmut/Pois      44%        1d5       14%         1
 Summon Small Mammal      Summ           44%        N/A       14%         1
 Blink                    Tloc           22%        N/A       21%         2
 Ensorcelled Hibernation  Hex/Ice        22%        N/A       21%         2
 Passwall                 Tmut/Erth      9%         N/A       21%         2
 Iron Shot                Conj/Erth      25%        9d5       24%         6
 Starburst                Conj/Fire      25%        6d8       24%         6
 Olgreb's Toxic Radiance  Pois           11%        N/A       32%         4
 Call Canine Familiar     Summ           11%        N/A       38%         3
 Gell's Gravitas          Tloc           11%        N/A       38%         3
 Lesser Beckoning         Tloc           11%        N/A       38%         3
 Ozocubu's Armour         Ice            11%        N/A       38%         3
 Summon Guardian Golem    Hex/Summ       11%        N/A       38%         3
 Teleport Other           Tloc           11%        N/A       38%         3
 Tukima's Dance           Hex            11%        N/A       38%         3
 Spellforged Servitor     Conj/Summ      25%        N/A       75%         7
 Anguish                  Hex/Necr       5%         N/A       80%         4
 Dispel Undead            Necr           11%        3d9       80%         4
 Ice Form                 Ice/Tmut       11%        N/A       80%         4
 Petrify                  Tmut/Erth      11%        N/A       80%         4
 Agony                    Necr           11%        N/A       98%         5
 Excruciating Wounds      Necr           5%         N/A       98%         5
 Manifold Assault         Tloc           11%        N/A       98%         5
 Death Channel            Necr           5%         N/A       100%        6
 Dispersal                Tloc           5%         N/A       100%        6
 Simulacrum               Ice/Necr       5%         N/A       100%        6
 Statue Form              Tmut/Erth      7%         N/A       100%        6
 Summon Cactus Giant      Summ           5%         N/A       100%        6
 Enfeeble                 Hex            5%         N/A       100%        7
 Ozocubu's Refrigeration  Ice            5%         4d6       100%        7
 Ignition                 Fire           5%         3d4       100%        8


Dungeon Overview and Level Annotations

Branches:
Dungeon (15/15)            Temple (1/1) D:6            Lair (6/6) D:10
 Shoals (0/4) Lair:2       Spider (3/4) Lair:4        Slime (0/5) Lair:6
    Orc (2/2) D:9             Elf (0/3) Orc:2        Vaults (0/5) D:14
 Depths (0/4) D:15

Altars:
Ashenzari
Cheibriados
Dithmenos
Elyvilon
Fedhas
Gozag
Hepliaklqana
Kikubaaqudgha
Makhleb
Nemelex Xobeh
Okawaru
Qazlal
Ru
Sif Muna
Trog
Uskayaw
Vehumet
Wu Jian
Xom
Yredelemnul
Zin
The Shining One
Beogh

Shops:
D:2 [(   D:5 =   D:14 (   Orc:1 (:*   Orc:2 *[[!

Annotations:
D:3 1 runed translucent door, zazu2006's ghost, amateur NaWz
D:9 2 transporters, Gastronok
Lair:3 exclusion: oklob plant
Spider:3 1 runed translucent door, Ybbun's ghost, adept DjFE
Orc:1 1 runed translucent door, Bricks's ghost, journeyman GnFi


Innate Abilities, Weirdness & Mutations

You have a beak for a mouth.
You have claws for feet.
Your magical nature lets you fly swiftly and evasively.


Message History

Vehumet accepts your kill. The redback bites you!
You are poisoned.
The redback poisons you!
The redback is struck by an arc of lightning!
You are struck by an arc of lightning.
The redback is struck by an arc of lightning.
You are struck by an arc of lightning.
The lightning grounds out.
You feel extremely sick.
The orb spider is engulfed in freezing vapours.
You block the redback's attack. The redback bites you!
You are lethally poisoned!
The redback poisons you!
You feel better. The redback completely misses you.
The orb spider is engulfed in freezing vapours.
The orb spider spins a strand of pure energy.
The redback bites you!
You are poisoned.
The redback poisons you! The redback completely misses you.
The redback is struck by an arc of lightning! x2
The redback is struck by an arc of lightning.
You are struck by an arc of lightning.
The redback is struck by an arc of lightning.
The lightning grounds out.
You feel extremely sick.
You block the redback's attack. x2; The redback bites you.
The orb spider is engulfed in freezing vapours.
The orb spider weaves a glowing orb of energy.
An orb of destruction comes into view.
The redback is struck by an arc of lightning!
Something is struck by an arc of lightning!
The lightning grounds out.
The redback is struck by an arc of lightning.
The lightning grounds out.
You feel very sick. The redback barely misses you.
You block the redback's attack. The redback barely misses you.
The redback is struck by an arc of lightning!
You kill the redback!
Vehumet accepts your kill.
You are struck by an arc of lightning.
* * * LOW HITPOINT WARNING * * *
The lightning grounds out.
The redback is struck by an arc of lightning!
You kill the redback!
Vehumet accepts your kill.
You feel your power returning.
The lightning grounds out.
You feel very sick. The orb of destruction hits you!!!
You die...

..#...#^..^.#.^
............# ^#
....#.^.#..... .##
.##...........# ..####
........#####.# .^#..#.
#..†#..## #####.......
......[# #.^##....^.#^.
†......# .. #.)#.......
..##...#.#..#..#@§#
....#..........†##§s§...
#.....#.......^. §§§)#
.^....#...#..... §§..
....^##.^....... #..
...### ......#.. . ^..#
>.....#. #### ....^## ##


You could see an orb spider.

Vanquished Creatures
  Kirke (D:14)
  Roxanne (D:14)
  2 orc warlords (Orc:2)
  A ghost moth (Spider:1)
  An ettin (D:15)
  A fire dragon (Lair:6)
  Fannar (Orc:1)
  2 jorogumos (Spider:1)
  9 hydras
  5 boulder beetles
  A vault guard (D:14)
  Harold (D:8)
  3 centaur warriors
  2 catoblepae
  Erica (D:10)
  4 two-headed ogres
  10 death yaks
  2 orc high priests (Orc:2)
  A hell knight (D:15)
  A sun moth (Spider:2)
  4 pharaoh ants
  5 steelbarb worms
  2 deep trolls (D:15)
  4 orb spiders
  A glowing orange brain (D:14)
  2 lindwurms (Lair:6)
  A wizard (D:15)
  10 orc knights
  2 orc sorcerers (Orc:2)
  13 wolf spiders
  A deep elf pyromancer (D:15)
  8 cyclopes
  6 manticores
  2 moths of wrath (Spider:1)
  13 ugly things
  2 merfolk sirens (Lair:2)
  A centaur zombie (D:10)
  Joseph (D:9)
  12 elephants
  7 black mambas
  3 molten gargoyles (Lair:6)
  2 gargoyles
  Psyche (D:9)
  6 cane toads
  2 efreet
  A demonic crawler (Spider:1)
  4 rime drakes
  13 komodo dragons
  A tengu conjurer (D:15)
  6 meliai (Spider:1)
  2 merfolk (Lair:2)
  A polar bear (Lair:3)
  7 trolls
  4 blink frogs (Lair:6)
  10 dream sheep
  8 tarantellas
  2 slime creatures (D:14)
  22 jumping spiders
  A culicivora (shapeshifter) (D:14)
  A shadow (D:9)
  2 vampires
  14 culicivoras
  5 wyverns
  2 wraiths
  6 basilisks
  35 yaks
  A hog (D:14)
  24 redbacks
  6 vampire mosquitoes
  3 steam dragons
  12 wargs
  10 acid dragons
  4 hell hounds (Lair:6)
  11 water moccasins
  2 black bears (D:6)
  59 orc warriors
  A hornet zombie (D:7)
  A necrophage (D:8)
  12 wolves
  9 ogres
  9 centaurs
  6 kobold brigands
  9 bullfrogs
  2 scorpions
  11 killer bees
  7 electric eels
  4 wights (D:8)
  A howler monkey (D:4)
  5 lava snakes (Lair:6)
  A hound (D:7)
  2 bullfrog zombies
  2 gnoll shamans
  A bullfrog skeleton (D:7)
  2 centaur skeletons
  11 orc priests
  2 jellies
  Natasha (twice) (D:2)
  4 iguanas
  23 orc wizards
  8 gnolls
  4 adders
  A shadow imp (D:6)
  2 white imps (D:7)
  2 ufetubi (D:5)
  An adder zombie (D:5)
  An adder skeleton (D:4)
  A worm (D:3)
  2 dart slugs
  88 orcs
  10 endoplasms
  4 giant cockroaches
  5 goblins
  4 hobgoblins
  5 quokkas
  6 ball pythons
  5 bats
  5 frilled lizards
  17 kobolds
  6 rats
744 creatures vanquished.

Vanquished Creatures (collateral kills)
  A ball lightning (Orc:2)
1 creature vanquished.

Vanquished Creatures (others)
  A cyclops (D:14)
  53 ball lightnings
  48 fungi
  56 plants
158 creatures vanquished.

Grand Total: 903 creatures vanquished

Notes
Turn   | Place    | Note
-------+----------+-------------------------------------------
     0 | D:1      | growler the Tengu Air Elementalist began the quest for the
                  | Orb.
     0 | D:1      | Reached XP level 1. HP: 10/10 MP: 4/4
   320 | D:1      | Reached XP level 2. HP: 15/15 MP: 1/6
   373 | D:1      | You fall into a shaft and drop 1 floor!
   373 | D:2      | Found a faded altar of an unknown god.
   379 | D:2      | Learned a level 2 spell: Static Discharge
  1372 | D:1      | Reached XP level 3. HP: 19/19 MP: 4/7
  1376 | D:1      | Learned a level 3 spell: Swiftness
  1574 | D:2      | Noticed Natasha
  1578 | D:2      | Killed Natasha
  1579 | D:2      | Reached XP level 4. HP: 20/24 MP: 3/9
  1710 | D:2      | Noticed Natasha
  1714 | D:2      | Killed Natasha
  1715 | D:2      | Reached skill level 5 in Air Magic
  1815 | D:2      | Found Tigeit's Antique Armour Emporium.
  2150 | D:2      | Found Errejoan's Weapon Shoppe.
  2551 | D:3      | Gained mutation: Your magical nature lets you fly swiftly
                  | and evasively. [Tengu growth]
  2551 | D:3      | Reached XP level 5. HP: 28/28 MP: 5/10
  2556 | D:3      | Learned a level 4 spell: Airstrike
  2952 | D:3      | Found a faded altar of an unknown god.
  3302 | D:3      | Found a snail-covered altar of Cheibriados.
  3350 | D:3      | Found a runed translucent door.
  3636 | D:3      | Noticed zazu2006's ghost (amateur NaWz)
  4372 | D:4      | Reached XP level 6. HP: 14/32 MP: 6/12
  4801 | D:5      | Entered Level 5 of the Dungeon
  4801 | D:5      | Noticed a water moccasin
  4808 | D:4      | Reached skill level 6 in Air Magic
  4844 | D:5      | Killed a water moccasin
  4845 | D:5      | Reached skill level 5 in Conjurations
  5102 | D:5      | Identified the +2 robe of Hopscotch {Fly rF++ Regen+ SInv}
  5227 | D:5      | Reached XP level 7. HP: 26/36 MP: 7/14
  5313 | D:5      | Reached skill level 7 in Air Magic
  5552 | D:5      | Found Dunobiuwn's Jewellery Shop.
  5560 | D:5      | Found a shimmering blue altar of Sif Muna.
  5562 | D:5      | Found an ornate altar of the Wu Jian Council.
  5886 | D:6      | Found a staircase to the Ecumenical Temple.
  5896 | Temple   | Entered the Ecumenical Temple
  5949 | Temple   | Became a worshipper of Vehumet
  6151 | D:6      | Reached skill level 5 in Spellcasting
  6151 | D:6      | Reached XP level 8. HP: 41/41 MP: 7/16
  6331 | D:6      | Reached skill level 8 in Air Magic
  6875 | D:6      | Reached skill level 9 in Air Magic
  7284 | D:7      | Found a blossoming altar of Fedhas.
  7458 | D:7      | Reached skill level 1 in Fighting
  7458 | D:7      | Reached skill level 10 in Air Magic
  7458 | D:7      | Reached XP level 9. HP: 28/47 MP: 3/17
  8348 | D:8      | Noticed a two-headed ogre
  8366 | D:7      | Noticed a rust devil
  8366 | D:7      | Noticed a rust devil
  8606 | D:8      | Reached * piety under Vehumet
  8606 | D:8      | Offered knowledge of Freeze by Vehumet.
  9145 | D:8      | Reached skill level 11 in Air Magic
  9196 | D:8      | Reached skill level 5 in Dodging
  9351 | D:8      | Noticed a two-headed hydra
  9460 | D:8      | Killed a two-headed hydra
  9461 | D:8      | Reached skill level 5 in Fighting
  9461 | D:8      | Reached XP level 10. HP: 56/59 MP: 5/18
  9577 | D:8      | Noticed Harold
  9578 | D:8      | Reached skill level 12 in Air Magic
  9775 | D:8      | Killed a two-headed ogre
 10195 | D:8      | Killed Harold
 10417 | D:8      | Noticed a cyan ugly thing
 10451 | D:8      | Killed a cyan ugly thing
 10867 | D:9      | Reached skill level 13 in Air Magic
 10933 | D:9      | Noticed a fire crab
 10934 | D:9      | Noticed a kobold demonologist
 10935 | D:9      | Found a transporter.
 10937 | D:9      | Found a transporter.
 11093 | D:9      | Noticed Psyche
 11097 | D:9      | Killed Psyche
 11098 | D:9      | Reached XP level 11. HP: 67/67 MP: 2/19
 11205 | D:9      | Noticed a deep elf knight
 11205 | D:9      | Noticed an orc sorcerer
 11215 | D:9      | Found a staircase to the Orcish Mines.
 11244 | D:9      | Noticed Gastronok
 11443 | D:9      | Noticed Joseph
 11454 | D:9      | Killed Joseph
 12322 | D:9      | Reached ** piety under Vehumet
 12322 | D:9      | Offered knowledge of Magic Dart by Vehumet.
 12857 | D:10     | Entered Level 10 of the Dungeon
 12869 | D:10     | Found a staircase to the Lair.
 13136 | D:10     | Noticed a two-headed ogre
 13872 | D:10     | Found a burning altar of Makhleb.
 13872 | D:10     | Found a glowing silver altar of Zin.
 13872 | D:10     | Found a sacrificial altar of Ru.
 13878 | D:10     | Found a broken altar of Ashenzari.
 13881 | D:10     | Found a glowing golden altar of the Shining One.
 13883 | D:10     | Found a white marble altar of Elyvilon.
 13887 | D:10     | Found a bloodstained altar of Trog.
 13888 | D:10     | Found a shimmering altar of Xom.
 13977 | D:10     | Noticed a two-headed ogre
 13981 | D:10     | Killed a two-headed ogre
 13982 | D:10     | Reached skill level 14 in Air Magic
 14460 | D:10     | Noticed Erica
 14528 | D:10     | Killed Erica
 14849 | D:10     | Killed a two-headed ogre
 15261 | D:11     | Offered knowledge of Conjure Flame by Vehumet.
 15441 | D:11     | Reached *** piety under Vehumet
 16109 | D:11     | Noticed a manticore
 16113 | D:11     | Killed a manticore
 16432 | Lair:1   | Entered Level 1 of the Lair of Beasts
 16589 | Lair:1   | Reached skill level 10 in Dodging
 16861 | Lair:1   | Reached XP level 12. HP: 38/76 MP: 11/20
 17082 | Lair:1   | Reached skill level 15 in Air Magic
 17866 | Lair:2   | Noticed a six-headed hydra
 17880 | Lair:2   | Killed a six-headed hydra
 17884 | Lair:2   | Noticed an eight-headed hydra
 18008 | Lair:2   | Killed an eight-headed hydra
 18193 | Lair:2   | Found a staircase to the Shoals.
 18361 | Lair:2   | Reached skill level 10 in Conjurations
 18648 | Lair:2   | Noticed a four-headed hydra
 18653 | Lair:2   | Killed a four-headed hydra
 18762 | Lair:2   | Noticed a death yak
 18762 | Lair:2   | Noticed a death yak
 18762 | Lair:2   | Noticed a death yak
 18762 | Lair:2   | Noticed a death yak
 18762 | Lair:2   | Noticed a death yak
 18763 | Lair:2   | Noticed a death yak
 18803 | Lair:2   | Killed a death yak
 18806 | Lair:2   | Killed a death yak
 18807 | Lair:2   | Reached skill level 10 in Fighting
 19011 | Lair:2   | Killed a death yak
 19015 | Lair:2   | Killed a death yak
 19044 | Lair:2   | Killed a death yak
 19189 | Lair:2   | Killed a death yak
 19189 | Lair:2   | Offered knowledge of Olgreb's Toxic Radiance by Vehumet.
 19544 | Lair:3   | Reached XP level 13. HP: 83/83 MP: 11/24
 20088 | Lair:3   | Found a blossoming altar of Fedhas.
 20616 | Lair:4   | Found a hole to the Spider Nest.
 20908 | Lair:4   | Found a dark tunnel.
 22169 | Lair:5   | Reached **** piety under Vehumet
 22195 | Lair:5   | Offered knowledge of Irradiate by Vehumet.
 22817 | Lair:5   | Reached skill level 16 in Air Magic
 23338 | Lair:6   | Entered Level 6 of the Lair of Beasts
 23496 | Lair:6   | Reached XP level 14. HP: 79/91 MP: 10/25
 23725 | Lair:6   | Learned a level 5 spell: Freezing Cloud
 24301 | Lair:6   | Found a staircase to the Slime Pits.
 25494 | Lair:6   | Found a large runed translucent door.
 25494 | Lair:6   | Found a large runed translucent door.
 25498 | Lair:6   | Reached ***** piety under Vehumet
 25498 | Lair:6   | Offered knowledge of Conjure Ball Lightning by Vehumet.
 25523 | Lair:6   | Learned a level 6 spell: Conjure Ball Lightning
 26409 | Lair:6   | Identified the +4 mace "Biha" {elec, Drain rPois Will+
                  | Str+4}
 26663 | Orc:1    | Entered Level 1 of the Orcish Mines
 26666 | Orc:1    | Reached skill level 17 in Air Magic
 26917 | Orc:1    | Found Eketuic's Weapon Shoppe.
 27008 | Orc:2    | Entered Level 2 of the Orcish Mines
 27143 | Orc:2    | Noticed an orc warlord
 27152 | Orc:2    | Killed an orc warlord
 27417 | Orc:2    | Offered knowledge of Fireball by Vehumet.
 28222 | Orc:2    | Reached XP level 15. HP: 57/97 MP: 2/26
 28334 | Orc:2    | Found a staircase to the Elven Halls.
 28823 | Orc:2    | Found Moanlol's Armour Shop.
 28823 | Orc:2    | Found Udurax's Distillery.
 28886 | Orc:2    | Found Tammiybb's General Store.
 28886 | Orc:2    | Found Jaoru's Antique Armour Shoppe.
 29269 | Orc:1    | Found a runed translucent door.
 29326 | Orc:1    | Found Rychery's Book Boutique.
 29381 | Orc:1    | Noticed Bricks's ghost (journeyman GnFi)
 29431 | Orc:1    | Noticed an orc warlord
 29593 | Orc:2    | Killed an orc warlord
 29662 | Orc:1    | Noticed Fannar
 29664 | Orc:1    | Killed Fannar
 29665 | Orc:1    | Reached skill level 15 in Conjurations
 29879 | Orc:1    | Found Jiess's Assorted Antiques.
 30065 | D:5      | Bought an amulet of magic regeneration for 420 gold pieces
 30065 | D:5      | Bought a ring of magical power for 280 gold pieces
 30247 | D:2      | Bought a runed robe for 88 gold pieces
 30247 | D:2      | Bought a glowing robe for 88 gold pieces
 30559 | D:12     | Offered knowledge of Starburst by Vehumet.
 30904 | D:12     | Reached skill level 18 in Air Magic
 31074 | D:12     | Identified a scroll of acquirement
 31076 | D:12     | Acquired the ring of Divine Compulsion {EV+4 Int+4}
 31878 | D:14     | Found Sookluukk's Weapon Emporium.
 31928 | D:14     | Identified Roxanne's Volume of Moulding
 31928 | D:14     | Noticed Roxanne
 32097 | D:14     | Killed Roxanne
 32254 | D:14     | Noticed Kirke
 32261 | D:14     | Killed Kirke
 32262 | D:14     | Reached skill level 15 in Dodging
 32496 | D:14     | Found a gate to the Vaults.
 32990 | D:15     | Entered Level 15 of the Dungeon
 33122 | D:15     | Reached skill level 1 in Shields
 33518 | D:15     | Reached XP level 16. HP: 67/106 MP: 28/29
 33638 | D:15     | Found a staircase to the Depths.
 34117 | Spider:1 | Entered Level 1 of the Spider Nest
 34330 | Spider:1 | Offered knowledge of Lee's Rapid Deconstruction by Vehumet.
 36028 | Spider:2 | Reached skill level 1 in Evocations
 36204 | Spider:2 | Reached skill level 5 in Shields
 37009 | Spider:3 | Offered knowledge of Eringya's Noxious Bog by Vehumet.
 37159 | Spider:3 | Found a runed translucent door.
 37161 | Spider:3 | Noticed Ybbun's ghost (adept DjFE)
 37279 | Spider:3 | Reached skill level 15 in Fighting
 37353 | Spider:3 | Blown up by an orb spider

Illustrated notes

Levels and vault maps discovered:
D:1:      psy_arrival_dodecagon, layout_basic
D:2:      layout_basic, ebering_ecumenical_altar_sacrificial, serial_shops,
          nicolae_shop_stone, shop, uniq_natasha
D:3:      layout_basic, nicolae_overflow_ecumenical_swirl, ebering_ghost_sewer_d
D:4:      layout_loops_corners
D:5:      layout_basic, chequers_temple_overflow_statue_of_worship,
          serial_shops, nicolae_shop_trees
D:6:      layout_loops_ring, minmay_temple_entry_arrows, serial_bayou,
          serial_bayou_pond_b, serial_bayou_pond_e, serial_bayou_pond_d,
          serial_bayou_lake_a, serial_bayou_shore_b, serial_bayou_pond_a
D:7:      cheibrodos_iron_armory, layout_loops_cross,
          mainiacjoe_overflow_alcove_1, eino_tiny_chamber
D:8:      layout_gridville, hangedman_ranch, uniq_harold
D:9:      gammafunk_wand_slinger, layout_basic, nicolae_zen_rock_garden,
          uniq_psyche, uniq_gastronok, uniq_joseph
D:10:     minmay_spotlight, layout_stronghold,
          nicolae_overflow_hallway_of_the_gods, lair_entry_dummy,
          enter_bailey_5, uniq_erica
D:11:     layout_grid_maze
D:12:     layout_rooms, grunt_ministairs_7, minivault_23
D:13:     layout_rooms
D:14:     layout_loops_corners, david_vaults_5, serial_glass, glass_columns_a,
          glass_columns_a, minmay_strange_pillars, item_on_display_a,
          serial_shops, nicolae_diamond_shop, corner_web_ring, uniq_kirke,
          uniq_roxanne
D:15:     hangedman_depths_entry_civil_slaughter, layout_basic
Temple:   zaba_magenta_temple
Lair:1:   layout_cave_pods
Lair:2:   layout_loops_ring, elwin_shoals_entry_stream, grunt_megastairs_5
Lair:3:   layout_regular_city, lemuel_oklob_altar
Lair:4:   layout_misc_corridors, dummy_spider_entry,
          lightli_volcano_entry_magma_tube, minmay_shattered_shrine
Lair:5:   layout_cellular_growth, beast_lair_carwin_8, grunt_megastairs_2,
          serial_bayou_shore_a
Lair:6:   cheibrodos_lair_end_hotspot, layout_regular_city, slime_dummy
Spider:1: layout_chambers, hangedman_spider_tarantella_strand
Spider:2: layout_spider_delve
Spider:3: layout_spider_delve, gammafunk_ghost_grave
Orc:1:    layout_diamond_mine, ebering_ghost_reflecting_pool, serial_shops,
          nicolae_shop_advertising_works [nicolae_subvault_shop_adworks], shop,
          shop, uniq_fannar
Orc:2:    st_orc_town, layout_diamond_mine, gauntlet_entry_generic,
          kennysheep_orc_chapel

Skill      XL: |  1  2  3  4  5  6  7  8  9 10 11 12 13 14 15 16 |
---------------+-------------------------------------------------+-----
Conjurations   | 2 3 4 5 6 9 11 13 14 15 | 15.0
Air Magic      | 5 6 7 10 11 13 14 15 16 17 18 | 18.0
Spellcasting   | 3 4 5 6 7 8 9 |  9.0
Fighting       | 1 5 7 9 10 11 12 14 15 | 15.0
Dodging        | 6 8 10 11 12 14 15 16 | 16.4
Shields        | 2 6 |  6.0
Evocations     | 3 |  3.5
Stealth        | |  2.0

Action                   |  1- 3 |  4- 6 |  7- 9 | 10-12 | 13-15 | 16-18 || total
-------------------------+-------+-------+-------+-------+-------+-------++-------
Melee: Unarmed           |     3 |    29 |    18 |    58 |       |     1 ||   109
       Kick              |       |    13 |     6 |    31 |    57 |       ||   107
       Peck              |       |     2 |     5 |    20 |    33 |     1 ||    61
       Punch             |       |       |     2 |     2 |     5 |       ||     9
       Staff             |       |       |       |     7 |   121 |     2 ||   130
 Cast: Shock             |    44 |    21 |    16 |     3 |       |       ||    84
       Static Discharge  |     8 |    41 |    67 |   139 |   334 |    72 ||   661
       Airstrike         |       |       |    45 |   152 |   347 |   218 ||   762
       Conjure Ball Ligh |       |       |       |       |    18 |     4 ||    22
       Freezing Cloud    |       |       |       |       |     6 |    12 ||    18
Evoke: Wand              |       |       |       |       |     2 |       ||     2
  Use: Scroll            |       |     3 |     3 |    12 |     5 |     6 ||    29
       Potion            |       |     1 |       |       |       |     1 ||     2
 Stab: Sleeping          |       |     6 |     3 |     1 |     1 |       ||    11
Armor: Robe              |     4 |     5 |    10 |    26 |    90 |    13 ||   148
Dodge: Dodged            |     7 |    46 |    72 |   219 |   506 |   140 ||   990
Block: Kite shield       |       |       |       |       |       |    46 ||    46
